Map: Prüfung von Aiur LE

Players

Panda - Winner!

  • Race: Zerg Zerg
  • League: Diamond
  • Spawn Location: 5:00

Robokops

  • Race: Protoss Protoss
  • League: Diamond
  • Spawn Location: 11:00

VOD

Have the link to the VOD?

Description

Time

  • Played on: Sept. 9, 2017, 8:12 p.m.
  • Length: 7:48
Show
View Real Time Build Order
Export as new Build Order

Panda Zerg - Winner!

Build Orders: Pool First 

Get SALT Encoding   

  12  0:01  Drone  
  13  0:12  Overlord  
  13  0:24  Drone  
  14  0:35  Spawning Pool  
  13  0:36  Drone  
  13  0:41  Drone  
  15  0:45  Drone  
  17  0:50  Drone  
  17  1:01  Extractor  
  16  1:18  Hatchery  
  16  1:20  Drone x2  
  17  1:32  Queen  
  19  1:36  Zergling x2  
  20  1:45  Drone x2  
  22  1:55  Roach Warren  
  21  2:03  Overlord  
  21  2:16  Overlord  
  21  2:37  Roach  
  21  2:38  Roach x3  
  21  2:42  Roach  
  31  2:53  Metabolic Boost  
  31  2:57  Overlord  
  31  3:09  Roach  
  31  3:10  Roach  
  31  3:12  Zergling x6  
  38  3:25  Zergling x8  
  41  3:53  Zergling x10  
  44  4:09  Zergling x10  
  47  4:12  Ravager x2  
  45  4:19  Zergling x2  
  40  4:51  Zergling x12  
  42  5:01  Zergling x2  
  42  5:03  Zergling x2  
  33  5:32  Zergling x8  
  30  5:55  Zergling x8  
  29  6:07  Zergling x8  
  29  6:10  Queen  
  34  6:28  Zergling x8  
  37  6:50  Zergling x10  
  41  7:13  Hatchery  
  40  7:26  Zergling x2  
  40  7:27  Zergling x10  
Show
View Real Time Build Order
Export as new Build Order

Robokops Protoss 

Build Orders: Nexus First 

Get SALT Encoding   

  12  0:01  Probe (Chrono Boost)  
  13  0:11  Probe (Chrono Boost)  
  14  0:25  Probe (Chrono Boost), Pylon  
  15  0:43  Probe (Chrono Boost)  
  16  0:54  Probe (Chrono Boost)  
  17  1:05  Nexus  
  17  1:21  Probe (Chrono Boost)  
  18  1:32  Probe (Chrono Boost), Assimilator  
  19  1:38  Gateway  
  19  1:42  Pylon  
  19  1:51  Probe (Chrono Boost)  
  20  1:58  Assimilator  
  20  2:02  Probe (Chrono Boost), Gateway  
  21  2:12  Probe (Chrono Boost)  
  22  2:23  Probe (Chrono Boost)  
  23  2:30  Cybernetics Core  
  23  2:38  Zealot  
  23  2:39  Probe (Chrono Boost)  
  23  2:42  Probe (Chrono Boost)  
  27  2:50  Probe (Chrono Boost)  
  28  2:53  Probe (Chrono Boost)  
  29  3:00  Probe (Chrono Boost)  
  29  3:09  Probe (Chrono Boost)  
  29  3:10  Stalker x2  
  34  3:14  Probe (Chrono Boost)  
  34  3:18  Pylon  
  36  3:20  Probe (Chrono Boost)  
  36  3:23  Probe (Chrono Boost)  
  37  3:33  Probe  
  38  3:39  Mothership Core  
  40  3:43  Probe  
  39  3:50  Stalker x2  
  43  3:56  Pylon  
  43  4:01  Pylon  
  43  4:20  Stalker x2  
  43  4:22  Pylon  
  28  4:51  Gateway  
  28  4:53  Gateway  
  28  4:55  Gateway  
  24  5:24  Probe  
  24  5:26  Probe  
  22  5:35  Probe  
  18  5:38  Probe  
  19  5:45  Probe  
  17  5:50  Probe  
  17  5:56  Probe  
Tags
 
Add a new tag
Caveats
  • Supply blocks, unpowered buildings, or Contaminate may cause inaccurate times.
  • Supply counts are checked every 10 seconds.